 Dungeon Crawl Stone Soup version 0.31-a0-675-g238779eb0a (webtiles) character file.

Game seed: 10454211467532005250

2804 Aneyh the Fighter (level 9, 0/57 HPs)
             Began as a Tengu Monk on Sept 4, 2023.
             Was a Priest of Hepliaklqana.
             Slain by a wight
             ... wielding a +0 trident
              (7 damage)
             ... on level 8 of the Dungeon on Sept 5, 2023.
             The game lasted 00:22:57 (6260 turns).

Aneyh the Fighter (Tengu Monk)                      Turns: 6260, Time: 00:22:58

Health: 0/57       AC:  2    Str: 15    XL:     9   Next: 72%
Magic:  10/10      EV: 17    Int: 12    God:    Hepliaklqana [***...]
Gold:   403        SH:  0    Dex: 16    Spells: 8/8 levels left

rFire   . . .        b - +0 battleaxe
rCold   + . .        (shield currently unavailable)
rNeg    . . .        p - +0 robe
rPois   .            (helmet restricted)
rElec   .            (no cloak)
rCorr   .            (no gloves)
SInv    +            (boots unavailable)
Will    .....        n - amulet of regeneration
Stlth   +            m - ring of see invisible
HPRegen 1.09/turn    y - ring of protection from cold
MPRegen 0.12/turn

%: acrobat
@: flying
A: reduced essence, beak, talons 3, evasive flight, acrobatic
a: Renounce Religion, Recall Ancestor, Ancestor Identity, Transference


You were on level 8 of the Dungeon.
You worshipped Hepliaklqana.
Hepliaklqana was most pleased with you.
You visited 2 branches of the dungeon, and saw 9 of its levels.
You also visited: Sewer.

You collected 403 gold pieces.

Inventory:

Hand Weapons
 a - the +10 glaive "Otynyud" {heavy, rElec Str+3 Dex+2}
   (You found it on level 7 of the Dungeon)

   Str+3:     It affects your strength (+3).
   Dex+2:     It affects your dexterity (+2).
   rElec:     It insulates you from electricity.
 b - a +0 battleaxe (weapon)
 r - a +0 heavy falchion
 C - a +0 spear
 H - a +2 long sword of freezing
 I - a +4 spear
 O - a +0 halberd
 R - a +6 spear of flaming
Missiles
 h - 7 boomerangs
Armour
 d - an orb of light
 i - a +0 ring mail
 o - an orb of energy
 p - a +0 robe (worn)
 B - a +0 ring mail
Magical Staves
 u - a staff of fire
 v - a staff of air
Jewellery
 m - a ring of see invisible (left hand)
 n - an amulet of regeneration (around neck)
 y - a ring of protection from cold (right hand)
 P - an amulet of reflection
Wands
 F - a wand of light (19) (quivered)
 Q - a wand of roots (13)
Scrolls
 e - 2 scrolls of vulnerability {unknown}
 f - a scroll of silence {unknown}
 j - 5 scrolls of identify {unknown}
 l - a scroll of immolation {unknown}
 z - 4 scrolls of blinking {unknown}
 A - a scroll of fog {unknown}
 D - 3 scrolls of teleportation {unknown}
 J - a scroll of enchant armour {unknown}
 L - 2 scrolls of butterflies {unknown}
 N - a scroll of enchant weapon {unknown}
Potions
 g - 3 potions of curing
 k - 2 potions of enlightenment {unknown}
 q - a potion of heal wounds {unknown}
 s - 2 potions of brilliance {unknown}
 t - 3 potions of haste {unknown}
 w - 2 potions of invisibility {unknown}
 x - 2 potions of lignification {unknown}
 E - a potion of attraction {unknown}
 G - a potion of magic {unknown}
 K - 2 potions of mutation {unknown}
 M - a potion of might {unknown}


   Skills:
 + Level 11.2 Fighting
 - Level 6.0(7.1) Axes
 * Level 5.5(6.8) Polearms
 - Level 4.0 Dodging
 - Level 0.1 Stealth


You had 8 spell levels left.
You didn't know any spells.
Your spell library contained the following spells:

 Spells                   Type           Power      Damage    Failure   Level
 Freeze                   Ice            0%         1d3       32%         1
 Shock                    Conj/Air       0%         1d3       32%         1
 Frozen Ramparts          Ice            0%         1d1       69%         3
 Hailstorm                Conj/Ice       0%         3d3       69%         3
 Swiftness                Air            0%         N/A       69%         3
 Airstrike                Air            0%         2d(0-16)  97%         4
 Animate Armour           Summ/Erth      0%         N/A       97%         4
 Summon Lightning Spire   Summ/Air       0%         N/A       97%         4
 Lee's Rapid Deconstruct  Erth           0%         3d4*      100%        5


Dungeon Overview and Level Annotations

Branches:
Dungeon (8/15)             Temple (1/1) D:5           Sewer (visited)
   Lair: D:8-11

Altars:
Ashenzari
Cheibriados
Elyvilon
Fedhas
Gozag
Hepliaklqana
Kikubaaqudgha
Makhleb
Nemelex Xobeh
Okawaru
Qazlal
Ru
Sif Muna
Trog
Uskayaw
Wu Jian
Xom
Yredelemnul
Zin
The Shining One

Shops:
D:4 [   D:7 *


Innate Abilities, Weirdness & Mutations

Your life essence is reduced to manifest your ancestor. (-10% HP)
You have a beak for a mouth.
You have claws for feet.
Your magical flight helps you evade attacks. (EV +4)
You can magically evade attacks while moving or waiting.


Message History

You barely miss the steam dragon. Your kick misses the steam dragon.
You peck the steam dragon, but do no damage.
The steam dragon is moderately wounded.
You slash the howler monkey!
You kill the howler monkey!
You are engulfed in a cloud of scalding steam.
The steam dragon misses you. x2
The wight is engulfed in a cloud of scalding steam.
Audrea blocks the wight's attack.
Audrea misses the wight.
You completely miss the steam dragon. Your kick misses the steam dragon.
The steam dragon is moderately wounded.
The steam dragon misses you. The steam dragon claws you.
The wight closely misses Audrea.
Audrea hits the wight with a +0 flail!
You slash the steam dragon!
The steam dragon is almost dead.
You slash the wight!
The wight hits you from afar with a +0 trident.
You feel drained. The steam dragon misses you.
The steam dragon barely misses you. The wight completely misses you.
The wight barely misses Audrea.
The steam dragon breathes steam at you. The ball of steam hits you!
* * * LOW HITPOINT WARNING * * *
The wight barely misses you.
Audrea blocks the wight's attack.
The wight hits Audrea with a +3 dagger.
Audrea hits the wight with a +0 flail.
The wight is destroyed!
Your life force feels restored.
It was a potion of curing.
You feel better.
You are engulfed in a cloud of scalding steam.
* * * LOW HITPOINT WARNING * * *
The steam dragon closely misses you. The steam dragon claws you.
* * * LOW HITPOINT WARNING * * *
The wight closely misses you.
The wight is engulfed in a cloud of scalding steam.
The wight is destroyed!
You feel better.
Audrea hits the steam dragon with a +0 flail!
The steam dragon dies!
The wight hits you from afar with a +0 trident!
You die...

>....#####
..........
.........#
.........#
..?......#
./...(z).####.#
.....$.§R§....#
.......§@#######
..<.#####§§.....#
...# #.#####.#
#..#####.#####
#.....$[.....#
#...####.##.##
#....###.# #
####.)))...##.#
#))...........##.


You could see the friendly Audrea the knight and a wight.

Vanquished Creatures
  Sigmund (D:2)
  A steam dragon (D:6)
  An ice beast (D:5)
  4 ogres
  A centaur (D:7)
  A phantom (D:6)
  A kobold brigand (Sewer)
  A bullfrog (D:6)
  A scorpion (D:5)
  A wight (D:6)
  7 howler monkeys
  An orc priest (D:7)
  2 hounds
  2 orc wizards (D:6)
  A sleepcap (D:4)
  Natasha (twice) (D:2)
  3 iguanas
  14 adders
  5 river rats
  6 gnolls
  2 shadow imps
  A white imp (D:5)
  An ufetubus (D:5)
  6 worms
  3 dart slugs
  10 orcs
  5 endoplasms
  A giant cockroach (D:3)
  7 goblins
  12 hobgoblins
  6 jackals
  4 quokkas
  11 ball pythons
  5 bats
  8 frilled lizards
  11 kobolds
  8 rats
157 creatures vanquished.

Vanquished Creatures (collateral kills)
  A steam dragon (D:8)
  An ogre (D:6)
  2 gnoll sergeants
  A scorpion (D:6)
  4 wights
  A howler monkey (D:8)
  2 hounds
  An iguana (D:5)
  3 orc wizards
  4 gnolls
  2 white imps
  3 orcs (D:5)
25 creatures vanquished.

Vanquished Creatures (others)
  A wight (D:8)
  An orc (D:6)
2 creatures vanquished.

Grand Total: 184 creatures vanquished

Notes
Turn   | Place    | Note
-------+----------+-------------------------------------------
     0 | D:1      | Aneyh the Tengu Monk began the quest for the Orb.
     0 | D:1      | Reached XP level 1. HP: 14/14 MP: 2/2
   417 | D:1      | Reached XP level 2. HP: 19/19 MP: 3/3
   681 | D:1      | Found a faded altar of an unknown god.
   877 | D:2      | Reached XP level 3. HP: 23/23 MP: 4/4
  1070 | D:2      | Noticed Sigmund
  1077 | D:2      | Killed Sigmund
  1078 | D:2      | Reached skill level 4 in Fighting
  1078 | D:2      | Reached XP level 4. HP: 26/29 MP: 5/5
  1078 | D:2      | Reached XP level 5. HP: 30/33 MP: 6/6
  1100 | D:2      | Noticed Natasha
  1110 | D:2      | Killed Natasha
  1111 | D:2      | Reached XP level 6. HP: 30/39 MP: 7/7
  1426 | D:2      | Noticed Natasha
  1446 | D:2      | Killed Natasha
  1720 | D:3      | Upgraded the game from 0.31-a0-667-g39726597b9 to
                  | 0.31-a0-675-g238779eb0a
  1955 | D:3      | Reached skill level 5 in Fighting
  2448 | D:4      | Gained mutation: Your magical flight helps you evade
                  | attacks. (EV +4) [Tengu growth]
  2448 | D:4      | Reached XP level 7. HP: 43/45 MP: 8/8
  2491 | D:4      | Reached skill level 6 in Fighting
  2603 | D:4      | Found Vekhipni's Antique Armour Boutique.
  2769 | D:4      | Found a sparkling altar of Nemelex Xobeh.
  2999 | D:5      | Entered Level 5 of the Dungeon
  3190 | D:5      | Found a staircase to the Ecumenical Temple.
  3232 | Temple   | Entered the Ecumenical Temple
  3267 | Temple   | Became a worshipper of Hepliaklqana the Forgotten
  3267 | Temple   | Reached * piety under Hepliaklqana
  3267 | Temple   | Reached ** piety under Hepliaklqana
  3269 | Temple   | Remembered your ancestor Audrea as a knight
  3407 | D:5      | Reached skill level 5 in Axes
  3485 | D:5      | Reached skill level 7 in Fighting
  3485 | D:5      | Reached XP level 8. HP: 46/47 MP: 9/9
  3840 | D:6      | Reached skill level 8 in Fighting
  3987 | D:6      | Reached skill level 9 in Fighting
  4033 | D:6      | Found an ancient bone altar of Kikubaaqudgha.
  4037 | D:6      | Found a blossoming altar of Fedhas.
  4040 | D:6      | Found a shimmering altar of Xom.
  4170 | D:6      | Found a glowing drain.
  4175 | Sewer    | Entered a sewer
  4479 | Sewer    | Reached XP level 9. HP: 55/55 MP: 10/10
  4899 | D:6      | Reached skill level 10 in Fighting
  5142 | D:7      | Identified the +10 glaive "Otynyud" {heavy, rElec Str+3
                  | Dex+2}
  5704 | D:7      | Reached skill level 5 in Polearms
  5730 | D:7      | Found Wasu's Assorted Antiques.
  5794 | D:7      | Reached *** piety under Hepliaklqana
  5951 | D:7      | Found a glowing silver altar of Zin.
  6206 | D:8      | Reached skill level 11 in Fighting
  6258 | D:8      | HP: 2/56 [steam dragon/ball of steam (17)]
  6260 | D:8      | Slain by a wight

Illustrated notes

Levels and vault maps discovered:
D:1:      orjb1_lava_funnel, layout_loops_cross, ebering_ecumenical_altar_webs
D:2:      layout_loops_ring, chequers_serial_rivers_small_a, uniq_natasha,
          uniq_sigmund
D:3:      layout_loops_corners, dk_noncrumbling_3
D:4:      layout_loops_ring, nemelex_xobeh_ov_fountains_minmay, serial_shops,
          shop
D:5:      layout_loops_ring, temple_fountains, water_boxes_lemuel
D:6:      layout_basic, grunt_temple_overflow_diamond, lightli_sewer_entry_pipes
D:7:      layout_cave_pools, mainiacjoe_overflow_six_doors_small, serial_shops,
          nicolae_take_the_stairs
D:8:      kennysheep_blocky_hall, layout_basic
Temple:   bh_familiar_temple

Skill      XL: |  1  2  3  4  5  6  7  8  9 |
---------------+----------------------------+-----
Fighting       | 4 5 7 9 11 | 11.2
Axes           | 3 4 5 6 |  6.0
Dodging        | 4 |  4.0
Polearms       | 4 5 |  5.5
Stealth        | |  0.1

Action                     |  1- 3 |  4- 6 |  7- 9 || total
---------------------------+-------+-------+-------++-------
  Melee: Spear             |    45 |       |       ||    45
         Peck              |     5 |     8 |    49 ||    62
         Kick              |    11 |    15 |    93 ||   119
         Battleaxe         |    27 |    69 |   276 ||   372
         Halberd           |       |       |     7 ||     7
         Glaive            |       |       |     6 ||     6
 Invoke: Ancestor Life: Kn |       |       |     1 ||     1
         Recall Ancestor   |       |       |     2 ||     2
    Use: Potion            |       |       |     3 ||     3
   Stab: Sleeping          |     7 |     4 |     4 ||    15
 Armour: Robe              |    16 |    25 |   149 ||   190
  Dodge: Dodged            |    48 |    44 |   344 ||   436

Table legend: (Time is in decaauts)
 A = Elapsed time spent in this place.
 B = Non-inter-level travel time spent in this place.
 C = Inter-level travel time spent in this place.
 D = Time resting spent in this place.
 E = Time spent auto-exploring this place.
 F = Levels seen in this place.
 G = Mean time per level.
                   A        B        C        D        E       F      G
               +--------+--------+--------+--------+--------+-----+--------+
         Total |   6429 |   6143 |    286 |    780 |   3495 |  10 |  642.9 |
       Dungeon |   5723 |   5481 |    242 |    780 |   3217 |   8 |  715.4 |
        Temple |     57 |     13 |     44 |      0 |      0 |   1 |   57.0 |
         Sewer |    648 |    648 |      0 |      0 |    278 |   1 |  648.0 |
               +--------+--------+--------+--------+--------+-----+--------+

Top non-repeatable levels by time:
     D:6: 1261 daAuts
     D:3: 878 daAuts
     D:1: 851 daAuts
     D:5: 761 daAuts
     D:2: 732 daAuts
   Sewer: 648 daAuts
     D:4: 605 daAuts
     D:7: 516 daAuts
     D:8: 115 daAuts
  Temple: 57 daAuts
